TOP OF THE 1ST |
Spokane Indians batting - Pitching for Mahoning Valley Scrappers : RHP Joe Babich
|
Pitching: RHP Joe Babich
|
|
Batting: RHB Chad Thompson
|
0-0: Ball 1-0: Called Strike 1-1: Foul Ball, location: 2F 1-2: Ball 2-2: SINGLE (Popup, 3L, EV 65.6 MPH)
|
Batting: RHB Rick Concha
|
0-0: Called Strike Chad Thompson steals 2nd base 0-1: Ball 1-1: Ball 2-1: DOUBLE (Line Drive, 89D, EV 113.1 MPH) Chad Thompson scores
|
Batting: RHB Mike Thornton
|
0-0: Ball 1-0: Ball 2-0: Ball 3-0: Called Strike 3-1: Foul Ball, location: 2F 3-2: Fly out, F9 (Flyball, 9D, EV 100.6 MPH) Runner from 2nd tags up, SAFE at 3rd, no throw by RF
|
Batting: LHB Nick Foutz
|
0-0: Ball 1-0: Foul Ball, location: 2F 1-1: Ball 2-1: Foul Ball, location: 2F 2-2: Foul Ball, location: 2F 2-2: Fly out, F9 (Flyball, 9D, EV 92.5 MPH) Runner from 3rd tags up, SCORES, no throw by RF
|
Batting: RHB Dennis Daniels
|
0-0: Ball 1-0: Called Strike 1-1: Called Strike 1-2: Fly out, F9 (Line Drive, 9, EV 91.2 MPH)
|
Top of the 1st over - 2 runs, 2 hits, 0 errors, 0 left on base; Spokane 2 - Mahoning Valley 0 |
BOTTOM OF THE 1ST |
Mahoning Valley Scrappers batting - Pitching for Spokane Indians : RHP Javier Cabrera
|
Pitching: RHP Javier Cabrera
|
|
Batting: RHB Ricky Cordova
|
0-0: Ball 1-0: Fly out, F8 (Line Drive, 8LM, EV 96.2 MPH)
|
Batting: RHB Jose Argueta
|
0-0: Foul Ball, location: 2F 0-1: Called Strike 0-2: DOUBLE (Line Drive, 78D, EV 112.5 MPH)
|
Batting: LHB Dave Key
|
0-0: Ball 1-0: Foul Ball, location: 2F 1-1: Foul Ball, location: 2F 1-2: Reaches on Catchers interference
|
Batting: LHB Matt Steinke
|
0-0: Foul Ball, location: 2F 0-1: Hit by Pitch Jose Argueta to third Dave Key to second
|
Batting: RHB John Shaffer
|
0-0: Called Strike 0-1: Ball 1-1: DOUBLE (Flyball, 8RXD, EV 100.6 MPH) Jose Argueta scores Dave Key scores Matt Steinke to third
|
Batting: RHB Nick Gossman
|
0-0: Called Strike 0-1: Reached on error, E1 (Groundball, 13S, EV 73.8 MPH) Matt Steinke scores John Shaffer to third
|
Batting: RHB Aaron Stout
|
0-0: Ball Nick Gossman steals 2nd base 1-0: SINGLE (Groundball, 56D, EV 105.0 MPH) John Shaffer scores Nick Gossman to third
|
Batting: RHB Leo Villa
|
0-0: Ball Aaron Stout is caught stealing 2nd base 2-4 1-0: Ground out 4-3 (Groundball, 4, EV 91.9 MPH)
|
Bottom of the 1st over - 4 runs, 3 hits, 2 errors, 1 left on base; Spokane 2 - Mahoning Valley 4 |
TOP OF THE 2ND |
Spokane Indians batting - Pitching for Mahoning Valley Scrappers : RHP Joe Babich
|
Batting: RHB Eric Garrett
|
0-0: Ball 1-0: Ball 2-0: Called Strike 2-1: SOLO HOME RUN (Line Drive, 7D, EV 98.1 MPH), Distance : 373 ft
|
Batting: RHB Aaron Graham
|
0-0: Called Strike 0-1: Ball 1-1: Ball 2-1: Foul Ball, location: 2F 2-2: Strikes out swinging
|
Batting: LHB Mike Sammons
|
0-0: Ball 1-0: Called Strike 1-1: Ball 2-1: Swinging Strike 2-2: Ball 3-2: Base on Balls
|
Batting: RHB Alex Vazquez
|
0-0: Called Strike 0-1: Ball Mike Sammons steals 2nd base 1-1: Called Strike 1-2: Ball 2-2: Foul Ball, location: 2F 2-2: Foul Ball, location: 2F 2-2: Foul Ball, location: 2F 2-2: Ball 3-2: Base on Balls
|
Batting: RHB Chad Thompson
|
0-0: Foul Ball, location: 2F 0-1: Ball 1-1: Fly out, F7 (Flyball, 7S, EV 95.0 MPH)
|
Batting: RHB Rick Concha
|
0-0: Ball 1-0: Ball 2-0: Called Strike 2-1: Ground out 5-3 (Groundball, 56S, EV 70.6 MPH)
|
Top of the 2nd over - 1 run, 1 hit, 0 errors, 2 left on base; Spokane 3 - Mahoning Valley 4 |
BOTTOM OF THE 2ND |
Mahoning Valley Scrappers batting - Pitching for Spokane Indians : RHP Javier Cabrera
|
Batting: RHB Juan Ordonez
|
0-0: Bunt missed! 0-1: Swinging Strike 0-2: Ball 1-2: Ball 2-2: Ball 3-2: Foul Ball, location: 2F 3-2: Foul Ball, location: 2F 3-2: Ground out 5-3 (Groundball, 5, EV 105.0 MPH)
|
Batting: RHB Ricky Cordova
|
0-0: Ball 1-0: Fly out, F9 (Flyball, 9D, EV 101.2 MPH)
|
Batting: RHB Jose Argueta
|
0-0: Ball 1-0: Foul Ball, location: 2F 1-1: Fly out, F7 (Flyball, 7, EV 86.2 MPH)
|
Bottom of the 2nd over - 0 runs, 0 hits, 0 errors, 0 left on base; Spokane 3 - Mahoning Valley 4 |
TOP OF THE 3RD |
Spokane Indians batting - Pitching for Mahoning Valley Scrappers : RHP Joe Babich
|
Batting: RHB Mike Thornton
|
0-0: Called Strike 0-1: Foul Ball, location: 2F 0-2: Ball 1-2: Foul Ball, location: 2F 1-2: Strikes out swinging
|
Batting: LHB Nick Foutz
|
0-0: SINGLE (Flyball, 6MD, EV 92.5 MPH)
|
Batting: RHB Dennis Daniels
|
0-0: Ball Nick Foutz steals 2nd base 1-0: Swinging Strike 1-1: Ball Wild Pitch! Nick Foutz to third 2-1: Ball 3-1: Called Strike 3-2: SINGLE (Flyball, 56D, EV 90.0 MPH) Nick Foutz scores
|
Batting: RHB Eric Garrett
|
0-0: Foul Ball, location: 2F 0-1: Called Strike Dennis Daniels steals 2nd base 0-2: SINGLE (Groundball, 34D, EV 94.4 MPH) Dennis Daniels to third Throwing error, E9 Dennis Daniels scores Eric Garrett to second
|
Pitching: RHP Mike Borell
|
|
Batting: RHB Aaron Graham
|
Balk! Eric Garrett to third 0-0: Fly out, F8 (Line Drive, 78M, EV 100.0 MPH)
|
Batting: LHB Mike Sammons
|
0-0: Called Strike 0-1: Ball 1-1: Called Strike 1-2: Strikes out swinging
|
Top of the 3rd over - 2 runs, 3 hits, 1 error, 1 left on base; Spokane 5 - Mahoning Valley 4 |
BOTTOM OF THE 3RD |
Mahoning Valley Scrappers batting - Pitching for Spokane Indians : RHP Javier Cabrera
|
Batting: LHB Dave Key
|
0-0: Ball 1-0: Foul Ball, location: 2F 1-1: Ground out U3 (Groundball, 3S, EV 80.0 MPH)
|
Batting: LHB Matt Steinke
|
0-0: Ground out 4-3 (Groundball, 4, EV 105.0 MPH)
|
Batting: RHB John Shaffer
|
0-0: Called Strike 0-1: Ball 1-1: Foul Ball, location: 2F 1-2: Foul Ball, location: 2F 1-2: Ground out 4-3 (Groundball, 4M, EV 85.0 MPH)
|
Bottom of the 3rd over - 0 runs, 0 hits, 0 errors, 0 left on base; Spokane 5 - Mahoning Valley 4 |
TOP OF THE 4TH |
Spokane Indians batting - Pitching for Mahoning Valley Scrappers : RHP Mike Borell
|
Batting: RHB Alex Vazquez
|
0-0: Ball 1-0: Ball 2-0: Foul Ball, location: 2F 2-1: Foul Ball, location: 2F 2-2: Strikes out looking
|
Batting: RHB Chad Thompson
|
0-0: Called Strike 0-1: Ball 1-1: Called Strike 1-2: Ground out 6-3 (Groundball, 6, EV 101.2 MPH)
|
Batting: RHB Rick Concha
|
0-0: Ball 1-0: Foul Ball, location: 2F 1-1: Swinging Strike 1-2: Ball 2-2: Reached on error, E4 (Groundball, 4, EV 110.0 MPH)
|
Batting: RHB Mike Thornton
|
0-0: Ball 1-0: Foul Ball, location: 2F 1-1: Called Strike 1-2: Fielders Choice at 2nd, 5-4 (Groundball, 56, EV 85.0 MPH)
|
Top of the 4th over - 0 runs, 0 hits, 1 error, 1 left on base; Spokane 5 - Mahoning Valley 4 |
BOTTOM OF THE 4TH |
Mahoning Valley Scrappers batting - Pitching for Spokane Indians : RHP Javier Cabrera
|
Batting: RHB Nick Gossman
|
0-0: Foul Ball, location: 2F 0-1: Called Strike 0-2: Strikes out swinging
|
Batting: RHB Aaron Stout
|
0-0: Called Strike 0-1: Swinging Strike 0-2: Foul Ball, location: 2F 0-2: Ball 1-2: Foul Ball, location: 2F 1-2: Strikes out looking
|
Batting: RHB Leo Villa
|
0-0: Foul Ball, location: 2F 0-1: Ball 1-1: Fly out, F7 (Flyball, 7LS, EV 78.8 MPH)
|
Bottom of the 4th over - 0 runs, 0 hits, 0 errors, 0 left on base; Spokane 5 - Mahoning Valley 4 |
TOP OF THE 5TH |
Spokane Indians batting - Pitching for Mahoning Valley Scrappers : RHP Mike Borell
|
Batting: LHB Nick Foutz
|
0-0: Ball 1-0: Called Strike 1-1: Foul Ball, location: 2F 1-2: Strikes out swinging
|
Batting: RHB Dennis Daniels
|
0-0: Called Strike 0-1: Called Strike 0-2: Ball 1-2: Strikes out swinging
|
Batting: RHB Eric Garrett
|
0-0: DOUBLE (Line Drive, 3D, EV 108.1 MPH)
|
Batting: RHB Aaron Graham
|
0-0: Foul Ball, location: 2F 0-1: Foul Ball, location: 2F 0-2: Foul Ball, location: 2F 0-2: Foul Ball, location: 2F 0-2: Foul Ball, location: 2F 0-2: Ball 1-2: Ball Balk! Eric Garrett to third 2-2: Foul Ball, location: 2F 2-2: Foul Ball, location: 2F 2-2: DOUBLE (Flyball, 8LXD, EV 99.4 MPH) Eric Garrett scores
|
Batting: LHB Mike Sammons
|
0-0: Foul Ball, location: 2F 0-1: Called Strike 0-2: Strikes out swinging
|
Top of the 5th over - 1 run, 2 hits, 0 errors, 1 left on base; Spokane 6 - Mahoning Valley 4 |
BOTTOM OF THE 5TH |
Mahoning Valley Scrappers batting - Pitching for Spokane Indians : RHP Javier Cabrera
|
Batting: RHB Juan Ordonez
|
0-0: Ball 1-0: Ball 2-0: Foul Ball, location: 2F 2-1: Swinging Strike 2-2: Foul Ball, location: 2F 2-2: Ball 3-2: Strikes out looking
|
Batting: RHB Ricky Cordova
|
0-0: Fly out, F8 (Line Drive, 8LD, EV 91.2 MPH)
|
Batting: RHB Jose Argueta
|
0-0: Ball 1-0: DOUBLE (Groundball, 5L, EV 103.8 MPH)
|
Batting: LHB Dave Key
|
0-0: Swinging Strike 0-1: Ball 1-1: Ball 2-1: Ball 3-1: Swinging Strike 3-2: Strikes out swinging
|
Bottom of the 5th over - 0 runs, 1 hit, 0 errors, 1 left on base; Spokane 6 - Mahoning Valley 4 |
TOP OF THE 6TH |
Spokane Indians batting - Pitching for Mahoning Valley Scrappers : RHP Mike Borell
|
Batting: RHB Alex Vazquez
|
0-0: Ground out 5-3 (Groundball, 5, EV 82.5 MPH)
|
Batting: RHB Chad Thompson
|
0-0: Ball 1-0: Ball 2-0: Called Strike 2-1: Foul Ball, location: 2F 2-2: Ground out 1-3 (Groundball, 34S, EV 70.0 MPH)
|
Batting: RHB Rick Concha
|
0-0: Ball 1-0: DOUBLE (Line Drive, 9LS, EV 104.4 MPH)
|
Batting: RHB Mike Thornton
|
0-0: Called Strike 0-1: Ball 1-1: Swinging Strike 1-2: Strikes out swinging
|
Top of the 6th over - 0 runs, 1 hit, 0 errors, 1 left on base; Spokane 6 - Mahoning Valley 4 |
BOTTOM OF THE 6TH |
Mahoning Valley Scrappers batting - Pitching for Spokane Indians : RHP Javier Cabrera
|
Batting: LHB Matt Steinke
|
0-0: Ball 1-0: DOUBLE (Line Drive, 78D, EV 103.1 MPH)
|
Batting: RHB John Shaffer
|
0-0: Ground out U3 (Groundball, 23, EV 86.9 MPH) Matt Steinke to third
|
Batting: RHB Nick Gossman
|
0-0: Ball 1-0: Ball 2-0: Foul Ball, location: 2F 2-1: Ball 3-1: Fly out, F8 (Flyball, 8LXD, EV 86.2 MPH) Runner from 3rd tags up, SCORES, no throw by CF
|
Batting: RHB Aaron Stout
|
0-0: Ball 1-0: SINGLE (Line Drive, 9S, EV 86.9 MPH)
|
Batting: RHB Leo Villa
|
0-0: Called Strike 0-1: Fly out, F4 (Popup, 34D, EV 54.4 MPH)
|
Bottom of the 6th over - 1 run, 2 hits, 0 errors, 1 left on base; Spokane 6 - Mahoning Valley 5 |
TOP OF THE 7TH |
Spokane Indians batting - Pitching for Mahoning Valley Scrappers : RHP Mike Borell
|
Pitching: LHP Steve Johnson
|
|
Batting: LHB Nick Foutz
|
0-0: Called Strike 0-1: Foul Ball, location: 2F 0-2: Foul Ball, location: 2F 0-2: Ball 1-2: Ball 2-2: Ball 3-2: Strikes out swinging
|
Batting: RHB Dennis Daniels
|
0-0: Ball 1-0: Ball 2-0: Fly out, F5 (Line Drive, 5, EV 71.9 MPH)
|
Batting: RHB Eric Garrett
|
0-0: Ball 1-0: Called Strike 1-1: Foul Ball, location: 2F 1-2: Ball 2-2: Foul Ball, location: 2F 2-2: Strikes out swinging, 2-3 out at first.
|
Top of the 7th over - 0 runs, 0 hits, 0 errors, 0 left on base; Spokane 6 - Mahoning Valley 5 |
BOTTOM OF THE 7TH |
Mahoning Valley Scrappers batting - Pitching for Spokane Indians : RHP Javier Cabrera
|
Pinch Hitting: RHB Gary Ming
|
0-0: Ball 1-0: Fly out, F9 (Flyball, 9S, EV 83.8 MPH)
|
Batting: RHB Ricky Cordova
|
0-0: Ground out 5-3 (Groundball, 56, EV 83.8 MPH)
|
Batting: RHB Jose Argueta
|
0-0: Ball 1-0: TRIPLE (Line Drive, 78XD, EV 106.2 MPH)
|
Batting: LHB Dave Key
|
0-0: Called Strike 0-1: Ball 1-1: Foul Ball, location: 2F 1-2: Foul Ball, location: 2F 1-2: Ground out 4-3 (Groundball, 4, EV 93.1 MPH)
|
Bottom of the 7th over - 0 runs, 1 hit, 0 errors, 1 left on base; Spokane 6 - Mahoning Valley 5 |
TOP OF THE 8TH |
Spokane Indians batting - Pitching for Mahoning Valley Scrappers : LHP Steve Johnson
|
Now in LF: Jason Roberts
|
|
Now in CF: Ricky Cordova
|
|
Batting: RHB Aaron Graham
|
0-0: Ball 1-0: Called Strike 1-1: Ball 2-1: SINGLE (Groundball, 6MD, EV 100.6 MPH)
|
Batting: LHB Mike Sammons
|
0-0: Sac Bunt to 15 - play at first, batter OUT! 1-3 Aaron Graham to second
|
Batting: RHB Alex Vazquez
|
0-0: Ball 1-0: Swinging Strike 1-1: Called Strike 1-2: Foul Ball, location: 2F 1-2: Strikes out swinging
|
Batting: RHB Chad Thompson
|
0-0: Ball 1-0: Called Strike 1-1: Ball 2-1: Swinging Strike 2-2: Strikes out swinging
|
Top of the 8th over - 0 runs, 1 hit, 0 errors, 1 left on base; Spokane 6 - Mahoning Valley 5 |
BOTTOM OF THE 8TH |
Mahoning Valley Scrappers batting - Pitching for Spokane Indians : RHP Javier Cabrera
|
Now at 1B: Jason Swisher
|
|
Batting: LHB Matt Steinke
|
0-0: SINGLE (Groundball, 3S, EV 61.9 MPH) (infield hit)
|
Batting: RHB John Shaffer
|
0-0: Called Strike 0-1: SINGLE (Groundball, 34D, EV 101.9 MPH) Matt Steinke to second Runner from 2nd tries for 3rd, SAFE, throw by RF made to third
|
Batting: RHB Nick Gossman
|
0-0: Ball 1-0: Foul Ball, location: 2F 1-1: Ball 2-1: Fly out, F8 (Line Drive, 78D, EV 98.8 MPH) Runner from 3rd tags up, SCORES, no throw by CF
|
Pitching: RHP Malibok Fflunker
|
|
Batting: RHB Aaron Stout
|
0-0: Ball 1-0: Foul Ball, location: 2F 1-1: Called Strike 1-2: Strikes out swinging
|
Batting: RHB Leo Villa
|
0-0: Called Strike 0-1: Ball Wild Pitch! John Shaffer to second 1-1: Called Strike 1-2: Fly out, F4 (Popup, 4D, EV 68.8 MPH)
|
Bottom of the 8th over - 1 run, 2 hits, 0 errors, 1 left on base; Spokane 6 - Mahoning Valley 6 |
TOP OF THE 9TH |
Spokane Indians batting - Pitching for Mahoning Valley Scrappers : LHP Steve Johnson
|
Batting: RHB Rick Concha
|
0-0: Called Strike 0-1: SINGLE (Groundball, 4S, EV 71.9 MPH) (infield hit)
|
Batting: RHB Mike Thornton
|
0-0: Ball 1-0: Called Strike Rick Concha steals 2nd, throwing error, E2 Rick Concha to third 1-1: Intentional Walk
|
Batting: LHB Nick Foutz
|
0-0: SINGLE (Line Drive, 6, EV 97.5 MPH) Rick Concha scores Mike Thornton to second Runner from 2nd tries for 3rd, SAFE, no throw by LF
|
Batting: RHB Dennis Daniels
|
0-0: Called Strike 0-1: Foul Ball, location: 2F Balk! Mike Thornton scores Nick Foutz to second 0-2: Ball Passed Ball! Nick Foutz to third 1-2: Foul Ball, location: 2F 1-2: Strikes out looking
|
Batting: RHB Eric Garrett
|
0-0: Swinging Strike 0-1: Ball 1-1: Ball 2-1: Foul Ball, location: 2F 2-2: Ball 3-2: Base on Balls
|
Batting: RHB Jason Swisher
|
0-0: Swinging Strike 0-1: Called Strike 0-2: Foul Ball, location: 2F 0-2: Ball Eric Garrett is caught stealing 2nd base 2-4 1-2: Strikes out looking
|
Top of the 9th over - 2 runs, 2 hits, 1 error, 1 left on base; Spokane 8 - Mahoning Valley 6 |
BOTTOM OF THE 9TH |
Mahoning Valley Scrappers batting - Pitching for Spokane Indians : RHP Malibok Fflunker
|
Pitching: LHP Chad Dominey
|
|
Batting: RHB Jason Roberts
|
0-0: Called Strike 0-1: SINGLE (Flyball, 8LS, EV 88.8 MPH)
|
Batting: RHB Ricky Cordova
|
0-0: Ball 1-0: Swinging Strike 1-1: Foul Ball, location: 2F 1-2: Foul Ball, location: 2F 1-2: Fly out, F6 (Line Drive, 6, EV 61.9 MPH)
|
Batting: RHB Jose Argueta
|
0-0: Ball 1-0: Ball Wild Pitch! Jason Roberts to second 2-0: Foul Ball, location: 2F 2-1: SINGLE (Line Drive, 7S, EV 90.6 MPH) Jason Roberts to third
|
Pinch Hitting: RHB Tacito Carreiro
|
0-0: Fly out, F8 (Flyball, 8LD, EV 88.8 MPH) Runner from 3rd tags up, SCORES, no throw by CF
|
Pinch Hitting: RHB Kevin Wiles
|
0-0: Ball 1-0: Ball 2-0: Ball 3-0: Called Strike 3-1: Base on Balls Jose Argueta to second
|
Batting: RHB John Shaffer
|
0-0: Foul Ball, location: 2F 0-1: Ball 1-1: Ball 2-1: Swinging Strike 2-2: Strikes out swinging
|
Bottom of the 9th over - 1 run, 2 hits, 0 errors, 2 left on base; Spokane 8 - Mahoning Valley 7 |
|